 Dungeon Crawl Stone Soup version 0.20-a0-1109-ge3cd172 (webtiles) character file.

14268 urechis the Severer (level 12, -1/159 HPs)
             Began as a Hill Orc Berserker on May 5, 2017.
             Was a High Priest of Trog.
             Slain by a hell knight
             ... wielding a +4 glaive of flaming
              (4 damage)
             ... on level 10 of the Dungeon.
             The game lasted 00:15:11 (15544 turns).

urechis the Severer (Hill Orc Berserker)           Turns: 15544, Time: 00:15:11

Health: -1/159     AC: 13    Str: 30    XL:     12   Next: 14%
Magic:  12/12      EV: 10    Int: 12    God:    Trog [*****.]
Gold:   435        SH:  0    Dex: 18    Spells: 11/11 levels left

rFire    . . .     SeeInvis +   y - +7 battleaxe of Pantheism {chop, Str+4 Int+5}
rCold    + . .     Gourm    .   (shield currently unavailable)
rNeg     . . .     Faith    .   s - +0 chain mail
rPois    .         Spirit   .   i - +0 helmet
rElec    .         Reflect  .   t - scarf {repulsion}
rCorr    .         Harm     .   (no gloves)
MR       .....                  (no boots)
Stlth    ..........             (no amulet)
Regen    0.4/turn               l - ring of see invisible
MPRegen  0.2/turn               A - +2 ring of dexterity

@: berserking (expiring), lethally poisoned (-1 -> -5), drained, repel missiles,
very quick
A: thin skeletal structure 1, cold resistance 1
a: Berserk, Trog's Hand, Brothers in Arms, Burn Spellbooks, Renounce Religion


You were on level 10 of the Dungeon.
You worshipped Trog.
Trog was extremely pleased with you.
You were hungry.

You visited 1 branch of the dungeon, and saw 10 of its levels.

You collected 435 gold pieces.

Inventory:

Hand Weapons
 y - the +7 battleaxe of Pantheism (weapon) {chop, Str+4 Int+5}
   (Trog gifted it to you on level 9 of the Dungeon)

   It inflicts extra damage upon your enemies.
   It affects your strength (+4).
   It affects your intelligence (+5).
 C - a +1 antimagic battleaxe
Armour
 i - a +0 helmet (worn)
 s - a +0 chain mail (worn)
 t - a scarf of repulsion (worn)
Jewellery
 e - an uncursed ring of resist corrosion
 l - a ring of see invisible (left hand)
 A - a +2 ring of dexterity (right hand)
Wands
 f - a wand of lightning (5/15)
 j - a wand of polymorph (17/24)
 o - a wand of enslavement (15/24)
 q - a wand of enslavement (7/24)
 u - a wand of random effects (15/48)
Scrolls
 b - 5 scrolls of remove curse
 g - 4 scrolls of teleportation
 k - 3 scrolls of recharging
 n - a scroll of magic mapping {unknown}
 r - 10 scrolls of identify
 w - 2 scrolls of enchant armour {unknown}
 B - a scroll of blinking {unknown}
Potions
 a - 2 potions of flight
 m - a potion of brilliance
 v - a potion of curing
 z - a potion of heal wounds
Books
 h - a book of Conjurations

   Spells                             Type                      Level
   a - Magic Dart                     Conjuration                  1
   b - Searing Ray                    Conjuration                  2
   c - Dazzling Spray                 Conjuration/Hexes            3
   d - Fulminant Prism                Conjuration/Hexes            4
   e - Force Lance                    Conjuration/Translocation    4
   f - Iskenderun's Mystic Blast      Conjuration                  4
   Trog disapproves of the use of such an item.
 p - a book of Conjurations

   Spells                             Type                      Level
   a - Magic Dart                     Conjuration                  1
   b - Searing Ray                    Conjuration                  2
   c - Dazzling Spray                 Conjuration/Hexes            3
   d - Fulminant Prism                Conjuration/Hexes            4
   e - Force Lance                    Conjuration/Translocation    4
   f - Iskenderun's Mystic Blast      Conjuration                  4
   Trog disapproves of the use of such an item.
Comestibles
 c - 2 bread rations
 d - 10 royal jellies
 x - 2 meat rations


   Skills:
 - Level 10.0(9.7) Fighting
 + Level 17.0(16.6) Axes
 + Level 12.2(11.8) Armour
 - Level 1.5(1.2) Dodging


You had 11 spell levels left.
You didn't know any spells.

Dungeon Overview and Level Annotations

Branches:
Dungeon (10/15)            Temple (0/1) D:7            Lair (0/6) D:10
    Orc (0/2) D:10

Altars:
Cheibriados
Ru
Sif Muna
Trog
Uskayaw
The Shining One
Beogh

Shops:
D:7 :


Innate Abilities, Weirdness & Mutations

You have a somewhat thin skeletal structure. (Dex +2, Stealth)
Your flesh is cold resistant. (rC+)


Message History

You feel sick.
You closely miss the hell knight.
The hell knight is moderately wounded.
You feel sick.
The hell knight hits you with a glaive of flaming!
* * * LOW HITPOINT WARNING * * *
The hell knight burns you!
* * * LOW HITPOINT WARNING * * *
A necromancer comes into view. It is wielding a dagger.
You closely miss the hell knight.
The hell knight is moderately wounded.
You slice the hell knight!!
The hell knight is severely wounded.
You feel sick.
The necromancer gestures wildly while chanting.
The necromancer binds the souls of nearby monsters.
The hell knight hits you with a glaive of flaming!
* * * LOW HITPOINT WARNING * * *
The hell knight burns you.
You die...

#########.##....................#
#......##.##.#############......#
#......##.##.#.. #......#
#............#.### #......#
#............#.#.p #......#
##..#####....≈.#p# #......#
#..#...#..§§§.#p# #......#
#..#...#....§.#p# #......#
#..#...#....≈.#@# # #.......
#..'...#...§§)#p#####.# #...##.#
#..#...#....#)#))..p..# #...# .#
#..#...#....#)###§≈≈###.#†..# #
#..'...#....#....§§.....#...#
#..#...#....#############...#
#..#####..#.................#
#.........##.###..###.......#
#.........##.###.## #.......#


You could see 4 hell knights and a necromancer.

Vanquished Creatures
  Erolcha (D:9)
  2 two-headed ogres
  2 hell knights (D:10)
  A flayed ghost (D:8)
  Pikel (D:9)
  A necromancer (D:10)
  An orc knight (D:8)
  An oklob plant (D:10)
  A manticore (D:8)
  Maurice (D:10)
  A gargoyle (D:9)
  A wraith (D:8)
  A wyvern (D:9)
  A vampire mosquito (D:8)
  A steam dragon (D:9)
  A soldier ant (D:8)
  6 hell hounds (D:10)
  An ice beast (D:5)
  6 orc warriors
  3 slaves (D:9)
  2 sky beasts
  An eye of draining (D:8)
  13 ogres
  5 phantoms
  2 necrophages
  3 centaurs
  5 big kobolds
  10 bullfrogs
  5 scorpions
  5 killer bees (D:8)
  5 wights (D:10)
  A howler monkey (D:9)
  5 crimson imps
  A bullfrog zombie (D:9)
  A quasit (D:8)
  Crazy Yiuf (D:5)
  2 hounds
  5 jellies
  4 orc priests
  A centaur skeleton (D:6)
  11 orc wizards
  Terence (D:3)
  3 iguanas
  12 worker ants
  3 hound skeletons
  7 gnolls
  14 adders
  2 shadow imps
  8 oozes
  An adder zombie (D:7)
  An adder skeleton (D:8)
  6 dart slugs
  13 leopard geckos
  53 orcs
  3 giant cockroaches
  12 goblins
  4 hobgoblins
  15 jackals
  6 quokkas
  6 bats
  6 frilled lizards
  A jackal skeleton (D:7)
  27 kobolds
  A leopard gecko skeleton (D:4)
  A quokka skeleton (D:4)
  A quokka zombie (D:5)
  8 rats
  A butterfly (D:7)
  7 plants (D:10)
345 creatures vanquished.

Vanquished Creatures (collateral kills)
  A hydra (D:8)
1 creature vanquished.

Vanquished Creatures (others)
  A slave (D:9)
  An adder (D:9)
  A quokka (D:4)
3 creatures vanquished.

Grand Total: 349 creatures vanquished

Notes
Turn   | Place    | Note
-------+----------+-------------------------------------------
     0 | D:1      | urechis the Hill Orc Berserker began the quest for the Orb.
     0 | D:1      | Reached XP level 1. HP: 19/19 MP: 1/1
   246 | D:1      | Reached XP level 2. HP: 20/27 MP: 2/2
   739 | D:1      | Reached XP level 3. HP: 33/33 MP: 3/3
   768 | D:1      | Reached ** piety under Trog
   950 | D:1      | Reached skill level 5 in Axes
  1255 | D:2      | Reached XP level 4. HP: 35/41 MP: 4/4
  1403 | D:2      | Reached skill level 5 in Fighting
  1860 | D:2      | Reached skill level 6 in Axes
  1860 | D:2      | Reached XP level 5. HP: 38/48 MP: 5/5
  2475 | D:3      | Noticed an ogre
  2484 | D:3      | Killed an ogre
  2484 | D:3      | Reached XP level 6. HP: 35/57 MP: 6/6
  2486 | D:3      | Reached *** piety under Trog
  2486 | D:3      | Reached skill level 7 in Axes
  2697 | D:3      | Noticed Terence
  2712 | D:3      | Killed Terence
  3136 | D:4      | Found a deep blue altar of Sif Muna.
  3193 | D:4      | Noticed a phantom
  3222 | D:4      | Killed a phantom
  3222 | D:4      | Reached XP level 7. HP: 39/66 MP: 7/7
  3634 | D:4      | Reached skill level 8 in Axes
  4519 | D:5      | Entered Level 5 of the Dungeon
  4617 | D:5      | Reached skill level 9 in Axes
  4866 | D:5      | Reached **** piety under Trog
  4866 | D:5      | Reached XP level 8. HP: 61/74 MP: 8/8
  5328 | D:5      | Found a snail-covered altar of Cheibriados.
  5535 | D:5      | Found a runed door.
  5703 | D:5      | Reached skill level 10 in Axes
  6440 | D:5      | Found a snail-covered altar of Cheibriados.
  6440 | D:5      | Found a sacrificial altar of Ru.
  6456 | D:5      | Found a glowing golden altar of the Shining One.
  6499 | D:5      | Gained mutation: Your spells are a little harder to cast, but a little more powerful. [mutagenic meat]
  6500 | D:5      | Gained mutation: You have large cloven feet. [mutagenic meat]
  6501 | D:5      | Gained mutation: Armour fits poorly on your strangely shaped body. [mutagenic meat]
  6832 | D:5      | Reached skill level 10 in Fighting
  6832 | D:5      | Reached XP level 9. HP: 33/85 MP: 9/9
  7198 | D:5      | Noticed Crazy Yiuf
  7207 | D:5      | Killed Crazy Yiuf
  7207 | D:5      | Reached skill level 11 in Axes
  9391 | D:6      | Reached skill level 12 in Axes
  9556 | D:7      | Reached skill level 5 in Armour
  9977 | D:7      | Found a staircase to the Ecumenical Temple.
 10886 | D:7      | Found Jaanuixa's Book Emporium.
 11058 | D:7      | Reached XP level 10. HP: 89/93 MP: 10/10
 11603 | D:8      | Reached skill level 13 in Axes
 11849 | D:8      | Reached ***** piety under Trog
 11906 | D:8      | Noticed an orc knight
 11933 | D:8      | Killed an orc knight
 12100 | D:8      | Noticed a manticore
 12107 | D:8      | Killed a manticore
 12385 | D:8      | Noticed a five-headed hydra
 12399 | D:8      | Killed a five-headed hydra
 12399 | D:8      | Reached skill level 14 in Axes
 12734 | D:8      | Noticed a flayed ghost
 12745 | D:8      | Killed a flayed ghost
 13132 | D:8      | Lost mutation: Your spells are a little harder to cast, but a little more powerful. [potion of mutation]
 13132 | D:8      | Lost mutation: You have large cloven feet. [potion of mutation]
 13132 | D:8      | Lost mutation: Armour fits poorly on your strangely shaped body. [potion of mutation]
 13132 | D:8      | Gained mutation: Your flesh is cold resistant. (rC+) [potion of mutation]
 13132 | D:8      | Gained mutation: You have a somewhat thin skeletal structure. (Dex +2, Stealth) [potion of mutation]
 13448 | D:8      | Reached XP level 11. HP: 76/99 MP: 11/11
 13765 | D:9      | Noticed Pikel
 13776 | D:9      | Killed Pikel
 13776 | D:9      | Reached skill level 15 in Axes
 13776 | D:9      | Reached skill level 10 in Armour
 13932 | D:9      | Received a gift from Trog
 13940 | D:9      | Got a crystal battleaxe {god gift}
 13941 | D:9      | Identified the +7 battleaxe of Pantheism {chop, Str+4 Int+5} (Trog gifted it to you on level 9 of the Dungeon)
 14232 | D:9      | Noticed Erolcha
 14239 | D:9      | Killed Erolcha
 14581 | D:9      | Noticed a two-headed ogre
 14588 | D:9      | Killed a two-headed ogre
 14798 | D:9      | Found a hide-covered altar of Uskayaw.
 14832 | D:9      | Found a bloodstained altar of Trog.
 14930 | D:10     | Entered Level 10 of the Dungeon
 14947 | D:10     | Found a roughly hewn altar of Beogh.
 14950 | D:10     | Found a staircase to the Orcish Mines.
 14954 | D:10     | Noticed a two-headed ogre
 14972 | D:10     | Killed a two-headed ogre
 14972 | D:10     | Reached skill level 16 in Axes
 15151 | D:10     | Found a staircase to the Lair.
 15157 | D:10     | Noticed Maurice
 15162 | D:10     | Killed Maurice
 15218 | D:10     | Noticed an oklob plant
 15231 | D:10     | Killed an oklob plant
 15520 | D:10     | Received a gift from Trog
 15529 | D:10     | Noticed a hell knight
 15529 | D:10     | Noticed a hell knight
 15534 | D:10     | Killed a hell knight
 15534 | D:10     | Reached XP level 12. HP: 53/106 MP: 12/12
 15535 | D:10     | Noticed a hell knight
 15536 | D:10     | Noticed a hell knight
 15538 | D:10     | Killed a hell knight
 15538 | D:10     | Reached skill level 17 in Axes
 15544 | D:10     | HP: 3/159 [hell knight/glaive of flaming (8)]
 15544 | D:10     | Slain by a hell knight

Vault maps used:
D:1:      ncdulo_halloftheorcs
D:2:      first_bread
D:3:      uniq_terence
D:4:      minmay_opposing_rooms, led_sif_book, minmay_goblin_kobold_house
D:5:      gammafunk_temple_overflow_claw, basic_altar, serial_co_window_serial,
          co_window_paths_b, co_window_corner_a, co_window_corner_a,
          co_window_corner_a, co_window_paths_a, co_window_broadway_b,
          co_window_corner_b, co_window_2corner, co_window_corner_b,
          co_window_2corner, glass_columns_a, uniq_crazy_yiuf_cottage
D:7:      minmay_temple_entry_butterflies, serial_shops,
          nicolae_shop_behind_doors
D:8:      minmay_evil_grid
D:9:      kennysheep_mini_moat, lemuel_coloured_pillars_altar,
          hangedman_little_slice_of_home, kb_rosetta, uniq_erolcha, uniq_pikel
D:10:     dpeg_oklobed_lair, david_orc_5, grunt_decor_cap,
          roderic_roman_lattice, minmay_rotating_lava, uniq_maurice

Skill      XL: |  1  2  3  4  5  6  7  8  9 10 11 12 |
---------------+-------------------------------------+-----
Fighting       | 4 5 6 7 8 10 | 10.0
Axes           | 5 6 7 9 10 12 14 16 17 | 17.0
Armour         | 6 9 12 | 12.2
Dodging        | |  1.5

Action                   |  1- 3 |  4- 6 |  7- 9 | 10-12 || total
-------------------------+-------+-------+-------+-------++-------
Melee: Hand axe          |   131 |   192 |   625 |    88 ||  1036
       Kick              |       |       |   114 |    48 ||   162
       War axe           |       |       |       |   166 ||   166
       Battleaxe         |       |       |       |   161 ||   161
Invok: Berserk           |       |     1 |    12 |     8 ||    21
       Brothers in Arms  |       |       |       |     1 ||     1
  Use: Scroll            |       |       |     7 |       ||     7
       Potion            |       |       |     4 |     8 ||    12
  Eat: Chunk             |     1 |     7 |    31 |    12 ||    51
       Fruit             |       |       |     4 |       ||     4
       Bread ration      |       |       |     1 |     2 ||     3
       Royal jelly       |       |       |     1 |       ||     1
Armor: Scale mail        |    37 |    76 |    71 |       ||   184
       Animal skin       |     6 |       |       |       ||     6
       Chain mail        |       |       |   116 |   168 ||   284
       Skin              |       |       |     4 |       ||     4
Dodge: Dodged            |    93 |    89 |   182 |   145 ||   509
       Deflected         |       |       |     8 |    10 ||    18
